 Dungeon Crawl Stone Soup version 0.29.1-15-g9cfb28693d (webtiles) character file.

Game seed: 10356018540871313640

25 Danienth the Grave Robber (level 3, -5/24 HPs)
             Began as a Human Necromancer on Apr 5, 2023.
             Slain by Crazy Yiuf
             ... wielding a +2 quarterstaff of chaos
              (10 damage)
             ... on level 3 of the Dungeon.
             The game lasted 00:10:36 (1637 turns).

Danienth the Grave Robber (Human Necromancer)       Turns: 1637, Time: 00:10:37

Health: -5/24      AC:  2    Str:  8    XL:     3   Next: 17%
Magic:  1/6        EV: 12    Int: 17    God:
Gold:   88         SH:  0    Dex: 13    Spells: 2/6 levels left

rFire   . . .      SeeInvis .   d - +0 short sword
rCold   . . .      Faith    .   (no shield)
rNeg    . . .      Spirit   .   a - +0 robe
rPois   .          Reflect  .   (no helmet)
rElec   .          Harm     .   (no cloak)
rCorr   .          Rampage  .   (no gloves)
Will    .....                   (no boots)
Stlth   ++........              (no amulet)
HPRegen 0.08/turn               (no ring)
MPRegen 0.10/turn               (no ring)

@: lethally poisoned (-5 -> -19)
A: no striking features
a: no special abilities


You were on level 3 of the Dungeon.
You visited 1 branch of the dungeon, and saw 3 of its levels.

You collected 88 gold pieces.

Inventory:

Hand Weapons
 d - a +0 short sword (weapon)
Missiles
 h - 6 poisoned darts
Armour
 a - a +0 robe (worn)
Scrolls
 e - a scroll of noise {unknown}
 f - a scroll of blinking {unknown}
 g - a scroll of enchant armour {unknown}
 j - a scroll of teleportation {unknown}
Potions
 b - 3 potions of curing
 c - a potion of mutation {unknown}
 i - a potion of might {unknown}


   Skills:
 + Level 2.4 Dodging
 + Level 2.4 Stealth
 + Level 2.3 Spellcasting
 + Level 4.2 Necromancy


You had 2 spell levels left.
You knew the following spells:

 Your Spells              Type           Power      Damage    Failure   Level
a - Necrotise             Necr           64%        1d7       3%          1
b - Vampiric Draining     Necr           16%        2d7       10%         3

Your spell library contained the following spells:

 Spells                   Type           Power      Damage    Failure   Level
 Animate Dead             Necr           16%        N/A       32%         4
 Agony                    Necr           16%        N/A       67%         5


Dungeon Overview and Level Annotations

Branches:
Dungeon (2/15)

Altars:

Shops:
D:1 [

Annotations:
D:3 Crazy Yiuf


Message History

The fungus is lightly damaged.
Your goblin skeleton hits the fungus.
You hit the fungus.
The fungus is lightly damaged.
A nearby fungus withers and dies.
Found a hammer.
Found a runed translucent door.
Crazy Yiuf shouts!
You open the door.
You swap places.
Crazy Yiuf says, "Goldfish foot song!"
Crazy Yiuf hits your goblin skeleton with a +2 quarterstaff of chaos!
Your goblin skeleton is destroyed!
Casting: Necrotise (safe; 3% risk of failure)
Confirm with . or Enter, or press ? or * to list all spells.
Aiming: Necrotise (safe; 3% risk of failure)
Press: ? - help, Shift-Dir - straight line, f - Crazy Yiuf
Aim: Crazy Yiuf, wielding a +2 quarterstaff of chaos and wearing a +0 cloak (chance to affect: 80%) Crazy Yiuf writhes in agony.
Casting: Necrotise (safe; 3% risk of failure)
Confirm with . or Enter, or press ? or * to list all spells.
Aiming: Necrotise (safe; 3% risk of failure)
Press: ? - help, Shift-Dir - straight line, f/p - Crazy Yiuf
Aim: Crazy Yiuf, wielding a +2 quarterstaff of chaos and wearing a +0 cloak (moderately wounded, chance to affect: 80%) Crazy Yiuf writhes in agony.
Crazy Yiuf hits you with a +2 quarterstaff of chaos!
Ouch! That really hurt!
It was a potion of curing.
You feel better. Crazy Yiuf barely misses you.
Casting: Necrotise (safe; 3% risk of failure)
Confirm with . or Enter, or press ? or * to list all spells.
Aiming: Necrotise (safe; 3% risk of failure)
Press: ? - help, Shift-Dir - straight line, f/p - Crazy Yiuf
Aim: Crazy Yiuf, wielding a +2 quarterstaff of chaos and wearing a +0 cloak (moderately wounded, chance to affect: 80%) Crazy Yiuf barely resists.
Crazy Yiuf hits you with a +2 quarterstaff of chaos!
Ouch! That really hurt!
* * * LOW HITPOINT WARNING * * *
You are lethally poisoned!
Crazy Yiuf attacks as you move away!
Crazy Yiuf hits you with a +2 quarterstaff of chaos!
You die...

#....#
#.#####..##.#
#...)#
#........##.#
#....#
#.......###.#
♣P...♣
#.####### #.#
♣♣...♣ #.#
..# ♣♣.♣♣ #..
♣♣.♣ ### ♣.♣♣
♣♣@♣ ♣g♣♣ #'#
... #...#
#)..# #####


You could see Crazy Yiuf.

Vanquished Creatures
  3 endoplasms
  2 giant cockroaches (D:1)
  A goblin (D:3)
  A hobgoblin (D:1)
  4 jackals (D:1)
  A quokka (D:1)
  2 ball pythons
  3 bats
  A frilled lizard (D:1)
  4 rats (D:1)
22 creatures vanquished.

Vanquished Creatures (others)
  2 fungi (D:3)
2 creatures vanquished.

Grand Total: 24 creatures vanquished

Notes
Turn   | Place    | Note
-------+----------+-------------------------------------------
     0 | D:1      | Danienth the Human Necromancer began the quest for the Orb.
     0 | D:1      | Reached XP level 1. HP: 13/13 MP: 3/3
   358 | D:1      | Reached XP level 2. HP: 19/19 MP: 0/5
  1032 | D:1      | Found Imefiz's Armour Shop.
  1428 | D:2      | Reached XP level 3. HP: 22/24 MP: 2/6
  1432 | D:2      | Learned a level 3 spell: Vampiric Draining
  1572 | D:2      | You fall into a shaft and drop 1 floor!
  1627 | D:3      | Found a runed translucent door.
  1628 | D:3      | Noticed Crazy Yiuf
  1637 | D:3      | Slain by Crazy Yiuf

Illustrated notes

Levels and vault maps discovered:
D:1:      dpeg_arrival_rhombi, layout_loops_ring, serial_shops,
          nicolae_shop_statue_plus
D:2:      layout_basic
D:3:      layout_loops_ring, nicolae_overflow_hallway_of_the_gods,
          chequers_ecumenical_altar_island, minmay_misc_feat_doors,
          nicolae_titane, uniq_natasha, uniq_crazy_yiuf_cottage

Action                   || total
-------------------------++-------
Melee: Unarmed           ||     7
       Short sword       ||     8
 Cast: Necrotise         ||    41
  Use: Potion            ||     2
       Scroll            ||     1
Armor: Robe              ||     5
Dodge: Dodged            ||    16
